[Event "*** Titled Tuesday 3|2 Blitz"]
[Site "Chess.com"]
[Date "2017.06.06"]
[Round "9"]
[White "Rodalquilar"]
[Black "AndreyOstrovskiy"]
[Result "1-0"]
[WhiteElo "2547"]
[BlackElo "2523"]
[TimeControl "180+2"]
[EndTime "15:50:48 PDT"]
[Termination "Rodalquilar won by resignation"]

1. d4 Nf6 2. Bf4 d5 3. e3 c5 4. Nf3 Nc6 5. Nbd2 cxd4 6. exd4 Qb6 7. Nb3 Bg4 8. Be2 e6 9. O-O Be7 10. c3 O-O 11. Re1 Qd8 12. Nc1 Nh5 13. Be3 Rb8 14. a4 a6 15. Nd3 Bd6 16. b4 Nf6 17. b5 axb5 18. axb5 Ne7 19. Nfe5 Bxe2 20. Qxe2 Ng6 21. Bg5 Be7 22. Bxf6 Bxf6 23. f4 Qc7 24. Rec1 Rfc8 25.
g3 Ra8 26. Qb2 Qb6 27. Nd7 Qd8 28. N3c5 Be7 29. b6 h5 30. Ra7 h4 31. Rca1 Bxc5 32.
Nxc5 Rab8 33. Rxb7 hxg3 34. hxg3 Ne7 35. Rxb8 Rxb8 36. b7 Nf5 37. Kf2 Nd6 38. Ra7 g5 39. Qc1 Rxb7 40. Nxb7 Ne4+ 41. Kg2 Qb6 42. Ra8+ Kg7 43.
Nc5 Qc6 44. Ra6 Qb5 45. Nxe4 Qe2+ 46. Nf2 Qxa6 47. fxg5 Qe2 48. Qf4 Qc4 49. Qf6+ Kg8 50. g6 fxg6 51. Qxg6+ Kf8 52. Qf6+ Kg8 53. Qxe6+ Kg7 54.
Qe3 1-0

[Event "*** Titled Tuesday 3|2 Blitz"]
[Site "Chess.com"]
[Date "2017.06.06"]
[Round "9"]
[White "ANLex1963"]
[Black "TregubovP"]
[Result "0-1"]
[WhiteElo "2204"]
[BlackElo "2344"]
[TimeControl "180+2"]
[EndTime "15:51:01 PDT"]
[Termination "TregubovP won by resignation"]

1. Nf3 c5 2. g3 Nc6 3. Bg2 g6 4.
O-O Bg7 5. c4 e6 6. Nc3 Nge7 7.
d4 cxd4 8. Nb5 Nf5 9. g4 Nfe7 10. Nd6+ Kf8 11. e3 h5 12. h3 hxg4 13. hxg4 Qc7 14.
Nb5 Qb6 15. exd4 a6 16. Be3 axb5 17. d5 Qc7 18. dxc6 dxc6 19. cxb5 e5 20. b6 Qd7 21.
Qxd7 Bxd7 22. Bc5 Bxg4 23. Ng5 f6 24. f3 Bf5 25. Ne4 Bxe4 26. fxe4 Kf7 27. a4 Rhd8 28.
a5 Bf8 29. b4 Nc8 30. Bh3 Nd6 31. Rfd1 Nxe4 32. Rxd8 Rxd8 33. Bxf8 Rxf8 34. a6 bxa6 35. Rxa6 Rb8 36. Bg2 f5 37. Bxe4 fxe4 38. Kf2 Ke6 39. Ke3 Kd5 40. Ra5+ Kd6 41. Ra6 Rf8 42. Kxe4 Rf4+ 43.
Ke3 Rxb4 44. Ra8 Rxb6 45. Rg8 Rb3+ 46. Kd2 Rg3 47. Ke2 c5 48. Kf2 Rg4 0-1

[Event "*** Titled Tuesday 3|2 Blitz"]
[Site "Chess.com"]
[Date "2017.06.06"]
[Round "9"]
[White "IIIlllII1llIl"]
[Black "Keranke"]
[Result "0-1"]
[WhiteElo "2533"]
[BlackElo "2672"]
[TimeControl "180+2"]
[EndTime "15:51:09 PDT"]
[Termination "Keranke won by resignation"]

1. e4 g6 2. d4 Bg7 3. Be3 d6 4. Qd2 Nf6 5. f3 O-O 6. h4 h5 7. Nc3 a6 8. Bh6 c5 9. d5 b5 10. g4 b4 11. Nce2 Nbd7 12. Ng3 hxg4 13. h5 Ne5 14. hxg6 fxg6 15. f4 Nf3+ 16. Nxf3 gxf3 17. f5 f2+ 18. Kd1 Nxe4 19. Nxe4 Bxf5 20. Nxf2 Bxb2 21. Rb1 Bc3 22. Qg5 Rf6 23. Qh4 Qa5 24. Bd3 Qxa2 25. Rc1 Bxd3 26. Nxd3 Qxd5 27. Qh3 Rf3 28. Qh2 c4 29.
Bd2 Bg7 30. Nf4 Qf5 31. Ne2 c3 32. Bf4 Qd5+ 33. Ke1 Rf8 34. Rd1 Qe4 35. Bg3 b3 36. cxb3 c2 37. Qh7+ Kf7 38. Rc1 Rxg3 39. Rf1+ Rf3 40.
Rxf3+ Qxf3 41. Qh2 Kg8 42. Rxc2 Qxb3 43. Kd2 Qb4+ 44.
Ke3 Be5 45. Qg2 Qb3+ 46. Kd2 Kg7 47. Qe4 a5 48. Rc7 Qb2+ 49. Kd3 Qb1+ 50. Ke3 Qb6+ 51. Nd4 Bxd4+ 52. Qxd4+ Qxd4+ 53. Kxd4 Kf6 54. Ra7 g5 55. Kd5 g4 56. Rxa5 g3 57. Ra2 Rg8 58. Rg2 Kf5 59. Rg1 g2 60. Kd4 0-1

[Event "*** Titled Tuesday 3|2 Blitz"]
[Site "Chess.com"]
[Date "2017.06.06"]
[Round "9"]
[White "WeiYi1999"]
[Black "cukus"]
[Result "1/2-1/2"]
[WhiteElo "2147"]
[BlackElo "2434"]
[TimeControl "180+2"]
[EndTime "15:51:21 PDT"]
[Termination "Game drawn by agreement"]

1. e4 c5 2. Nf3 Nc6 3. d4 cxd4 4.
Nxd4 Nf6 5. Nc3 e5 6. Ndb5 d6 7. Nd5 Nxd5 8. exd5 Nb8 9. c4 a6 10.
Qa4 Nd7 11. Bg5 Qxg5 12. Nc7+ Ke7 13. Nxa8 Qg4 14. h3 Qe4+ 15. Be2 Qxg2 16. Rf1 Nc5 17. Qa5 Qxh3 18. O-O-O g6 19. f4 Qe3+ 20. Rd2 Bh6 21. Rf3 Qe4 22. Qc7+ Bd7 23. Nb6 Bxf4 24. Rxf4 Qxf4 25.
Nxd7 Nxd7 26. c5 dxc5 27. d6+ Ke6 28. b3 b5 29. Qc6 Qe3 30. Qd5+ Kf6 31. Kc2 Kg7 32.
Bd3 Nf6 33. Qb7 h5 34. Bxg6 Kxg6 35. d7 Nxd7 36. Qxd7 Qe4+ 37. Kb2 c4 38. Qd6+ f6 39. Rd1 Qe3 40. Kb1 cxb3 41. Qd7 bxa2+ 42. Kxa2 Qe2+ 43.
Rd2 Qc4+ 44. Ka1 Qc3+ 45. Ka2 Qc4+ 46. Ka1 Qe4 47. Rd1 Qg4 48. Qd3+ Kg7 49. Qd6 h4 50. Qe7+ Kg6 51. Rd7 Kf5 52. Rd2 Qg1+ 53. Kb2 h3 54. Qd7+ Kg6 55. Qd5 h2 56. Rg2+ Qxg2+ 57. Qxg2+ Kf7 58.
Qb7+ Ke6 59. Qc6+ Kf5 60. Qf3+ Kg6 61. Qg2+ Kf7 62. Qb7+ Ke6 63. Qc6+ Kf5 64. Qf3+ Kg5 65. Qg2+ 1/2-1/2

[Event "*** Titled Tuesday 3|2 Blitz"]
[Site "Chess.com"]
[Date "2017.06.06"]
[Round "9"]
[White "heartofatiger"]
[Black "Grebeniuk-S"]
[Result "0-1"]
[WhiteElo "2382"]
[BlackElo "2441"]
[TimeControl "180+2"]
[EndTime "15:51:24 PDT"]
[Termination "Grebeniuk-S won on time"]

1. d4 f5 2. Nc3 d5 3. Bf4 Nf6 4.
e3 e6 5. h3 Bd6 6. Nf3 O-O 7.
Bd3 b6 8. Qe2 a5 9. Ne5 Ba6 10.
Nb5 Bxb5 11. Bxb5 Nbd7 12. O-O Bxe5 13. dxe5 Ne8 14. Bc6 Ra7 15. c4 Nb8 16. Ba4 c6 17. Rac1 Nc7 18. Rfd1 Qe7 19. a3 dxc4 20. Qxc4 b5 21.
Qd4 Nd5 22. Bb3 a4 23. Ba2 Rd7 24. Bg3 h6 25. Qc5 Qf7 26. f3 Rfd8 27. Kh2 Nc7 28. Rd6 Kh7 29. Rcd1 Nd5 30. Bb1 Rxd6 31. exd6 Nd7 32. Qd4 Kh8 33. e4 fxe4 34. fxe4 N5f6 35. Rf1 e5 36. Qa7 Qe6 37. Qc7 Re8 38. Qxc6 Rd8 39. Qc7 Re8 40. Qc6 Rd8 41. Qxb5 Qxd6 42. Qxa4 Nc5 43.
Qc2 Ne6 44. Qe2 Nf4 45. Qe3 N6h5 46. Bh4 Rc8 47. Rc1 Rf8 48. Ba2 Qg6 49. Rc2 Kh7 50. Bd5 Nxd5 51. Qc5 Qxe4 0-1

[Event "*** Titled Tuesday 3|2 Blitz"]
[Site "Chess.com"]
[Date "2017.06.06"]
[Round "9"]
[White "ChessQueen"]
[Black "NTBT_DHS"]
[Result "1-0"]
[WhiteElo "2508"]
[BlackElo "2431"]
[TimeControl "180+2"]
[EndTime "15:51:33 PDT"]
[Termination "ChessQueen won by checkmate"]

1. e4 g6 2. d4 Bg7 3. Nc3 d6 4. Be3 Nd7 5. Qd2 a6 6. a4 b6 7. Bc4 Ngf6 8. Nf3 Bb7 9. e5 Ng4 10.
e6 fxe6 11. Bxe6 Bxf3 12. gxf3 Nxe3 13. fxe3 Nf8 14. Bd5 Rb8 15. Qd3 e6 16. Bc6+ Kf7 17. Qxa6 Qh4+ 18. Kd2 Bh6 19. f4 d5 20.
Qa7 Qd8 21. Nb5 Rc8 22. Bb7 Rb8 23. Ba6 Ra8 24. Qxc7+ Qxc7 25. Nxc7 Ra7 26. Nxd5 exd5 27. Bd3 Nd7 28. c4 dxc4 29. Bxc4+ Ke7 30. Kd3 Rha8 31. b3 Bg7 32. Rhg1 Rd8 33. h4 Nc5+ 34. Ke2 Ne4 35. h5 Kf6 36. hxg6 h5 37. Bd3 Re8 38. Rac1 Nd6 39.
Rc6 Ke7 40. Kf3 Rb8 41. Rh1 Kd7 42. Rcc1 Ra5 43. b4 Rd5 44. Bb1 Rf8 45. Ba2 Rdf5 46.
Bb1 Rd5 47. Ba2 Rdf5 48. Rcd1 Ra8 49. Bb3 b5 50. a5 Nc4 51. Bxc4 bxc4 52. Rc1 Rc8 53.
Rh2 Rb5 54. a6 Rxb4 55. Rxh5 Ke6 56. Ra5 Ra8 57. a7 Kf6 58. Ra6+ Ke7 59. f5 Bf6 60. Re6+ Kd8 61. Rxf6 Rxa7 62. Rf8+ Kc7 63. Rf7+ Kb6 64. Rxa7 Kxa7 65. g7 Rb8 66. f6 Rc8 67. f7 c3 68.
f8=Q Rc7 69. Qc5+ Rxc5 70. dxc5 c2 71. Rxc2 Ka6 72. c6 Kb5 73. c7 Kb6 74. c8=Q Ka7 75. Qc7+ Ka6 76. Qc4+ Ka5 77. Qb3 Ka6 78. g8=Q Ka5 79. e4 Ka6 80. e5 Ka7 81. e6 Ka6 82. e7 Ka5 83. e8=Q Ka6 84. Qgc4+ Ka5 85. Qe5# 1-0

[Event "*** Titled Tuesday 3|2 Blitz"]
[Site "Chess.com"]
[Date "2017.06.06"]
[Round "9"]
[White "DryCounty"]
[Black "Spartakus1975"]
[Result "0-1"]
[WhiteElo "2472"]
[BlackElo "2592"]
[TimeControl "180+2"]
[EndTime "15:51:44 PDT"]
[Termination "Spartakus1975 won by resignation"]

1. e4 e6 2. d4 d5 3. exd5 exd5 4. Nf3 Nf6 5. Bg5 Be7 6. Bd3 h6 7. Bh4 Nh5 8. Bxe7 Qxe7+ 9. Ne5 Nf4 10. O-O Nxd3 11.
Qxd3 O-O 12. Nd2 c6 13. Rae1 Qc7 14. Qg3 Bf5 15. c4 f6 16. Ng6 Qxg3 17. Ne7+ Kh7 18. fxg3 Bd3 19. Rf3 dxc4 20. b3 b5 21. bxc4 bxc4 22.
Ne4 Nd7 23. Nd6 c5 24. d5 Ne5 25. Rfe3 Rad8 26. Nb5 Rd7 27. Nc6 Rxd5 28. Nc3 Rd6 29.
Nxe5 fxe5 30. Rxe5 Rdf6 31. h3 Rf2 32. Re8 Rxe8 33.
Kxf2 Rb8 34. Na4 Rb5 35. Re5 Ra5 36. Nxc5 Rxa2+ 37. Ke3 Rxg2 38. Kf4 Rf2+ 39. Ke3 Re2+ 40. Kd4 Rxe5 41. Kxe5 Bf1 42. Kd4 Bxh3 43. Kxc4 Kg6 44. Kd4 Kg5 45. Ke3 Bc8 46. Kf2 Kf5 47. Ke3 a5 48. Kf3 Ke5 49. Ke3 Kd5 50. Nd3 a4 51.
Nf4+ Kc4 52. Kd2 Kb3 53. Kc1 Bf5 54. Ne2 Be4 55. Nd4+ Kc3 56. Nb5+ Kd3 57. Nd6 Ke3 58. Kb2 Kf3 59. g4 Bg6 60. Nc4 Kxg4 61. Ne5+ Kf5 62. Nf3 h5 63. Ka3 Be8 64. Nd4+ Kg4 0-1

[Event "*** Titled Tuesday 3|2 Blitz"]
[Site "Chess.com"]
[Date "2017.06.06"]
[Round "9"]
[White "Vice64"]
[Black "dolynachess"]
[Result "0-1"]
[WhiteElo "2313"]
[BlackElo "2317"]
[TimeControl "180+2"]
[EndTime "15:51:56 PDT"]
[Termination "dolynachess won by resignation"]

1. e4 e6 2. d3 d5 3. Qe2 Be7 4.
Nf3 Nf6 5. g3 O-O 6. Bg2 c5 7.
e5 Nfd7 8. O-O b5 9. h4 a5 10.
Re1 Ba6 11. a4 b4 12. c4 bxc3 13. bxc3 Nc6 14. Bf4 Rb8 15. h5 Rb3 16. c4 Nb4 17. Ra3 Rxd3 18. Rxd3 Bxc4 19. Red1 Qb6 20. Na3 Bxd3 21.
Rxd3 Nxd3 22. Qxd3 Qb4 23. Nb5 Qxa4 24. Nd6 c4 25. Qd4 Qb3 26. h6 g6 27. Nd2 Qd1+ 28.
Kh2 Qh5+ 29. Bh3 g5 30. g4 Qxh6 31. Bg3 Qg6 32. Qc3 a4 33. Bg2 Qd3 34. Qc1 c3 35. Nb1 c2 36. Na3 Qd1 37. Qxc2 Qxc2 38. Nxc2 Rb8 39. Bf1 Rb2 40. Bd3 a3 41. Nxa3 Rb3 42.
Bb5 Nxe5 43. Bxe5 Rxa3 44. Nc8 Bc5 45. Be2 Ra2 46. Bd3 Rxf2+ 47. Kg3 Rd2 48. Bb5 Re2 49. Bf6 Ra2 50. Ne7+ Bxe7 51. Bxe7 h6 52. Bd6 Rb2 53.
Bf1 Rb3+ 54. Kf2 Kg7 55. Be5+ f6 56. Be2 fxe5 57. Bd1 Rb6 58. Be2 Rd6 59. Bd3 Rd8 60.
Bb1 Kf6 61. Kf3 Rb8 62. Bc2 Rb4 63. Bd1 Rf4+ 64. Ke3 Rd4 65. Be2 Rb4 66. Bf3 e4 67. Kf2 0-1

[Event "*** Titled Tuesday 3|2 Blitz"]
[Site "Chess.com"]
[Date "2017.06.06"]
[Round "9"]
[White "AllStarShark"]
[Black "Wolverine_master"]
[Result "1-0"]
[WhiteElo "2286"]
[BlackElo "1983"]
[TimeControl "180+2"]
[EndTime "15:52:04 PDT"]
[Termination "AllStarShark won by resignation"]

1. d4 Nf6 2. Bg5 c5 3. Nc3 cxd4 4. Qxd4 Nc6 5. Qh4 d6 6. O-O-O Be6 7. e4 Qa5 8. f4 Bxa2 9. Bxf6 gxf6 10. Bb5 O-O-O 11. Qh3+ Be6 12. f5 Bd7 13. Nf3 h5 14. Kb1 Bh6 15.
Bxc6 Bxc6 16. Nd4 Kb8 17. Nxc6+ bxc6 18. Qxh5 Bd2 19. Qxf7 Bxc3 20. Qb3+ Bb4 21. c3 Rh4 22. cxb4 Qe5 23. Qc3 Qxe4+ 24. Ka2 Qxg2 25. Rhg1 Qe4 26. Rge1 Qxb4 27. Rxe7 Qxc3 28. bxc3 Rxh2+ 29. Ka3 Rf2 30.
Rb1+ Ka8 31. Rbb7 Rxf5 32. Rxa7+ Kb8 33. Reb7+ Kc8 34. c4 d5 35. c5 d4 36. Kb4 d3 37.
Re7 Kb8 38. Reb7+ Kc8 39. Rc7+ Kb8 40. Rcb7+ Kc8 41. Rc7+ Kb8 42. Rab7+ Ka8 43. Ka5 Rxc5+ 44. Ka6 Ra5+ 45. Kxa5 Rd4 46. Ra7+ Kb8 47. Rab7+ Ka8 48. Rd7 Rc4 49. Rbc7 Kb8 50. Kb6 Rb4+ 51. Kc5 Rb3 52.
Rxc6 Rc3+ 53. Kb5 Rb3+ 54. Kc4 Rb1 55. Rxd3 Rc1+ 56. Kd5 Rf1 57. Rb3+ Ka7 58. Rc2 Ra1 59. Ke6 Ra6+ 60. Kf7 f5 61. Rc7+ Ka8 62. Rc5 f4 63. Rf5 f3 64. Rfxf3 Ra7+ 65. Kg8 Rf7 66. Ra3+ Kb8 67.
Rxf7 1-0

[Event "*** Titled Tuesday 3|2 Blitz"]
[Site "Chess.com"]
[Date "2017.06.06"]
[Round "9"]
[White "the_drake"]
[Black "GameOverBro"]
[Result "1-0"]
[WhiteElo "2152"]
[BlackElo "2244"]
[TimeControl "180+2"]
[EndTime "15:52:16 PDT"]
[Termination "the_drake won by resignation"]

1. e4 d6 2. d4 Nf6 3. Nc3 e5 4. d5 Be7 5. Bb5+ c6 6. dxc6 bxc6 7. Ba4 O-O 8. Nge2 d5 9. Ng3 d4 10. Nce2 Qa5+ 11. c3 Rd8 12. b4 Qa6 13. a3 d3 14.
Ng1 Bg4 15. f3 Be6 16. Bb3 c5 17. Bxe6 Qxe6 18. Be3 c4 19. Qd2 a5 20. b5 a4 21.
Nf5 Bf8 22. Nh3 Nfd7 23. O-O Nc5 24. Qf2 Nb3 25. Ra2 Nd7 26. Qg3 Qg6 27. Qf2 Rab8 28. f4 Rxb5 29. fxe5 Nxe5 30. Nf4 Qf6 31. Nd5 Qe6 32.
Nc7 Ng4 33. Nxe6 Nxf2 34. Nxd8 Nxe4 35. Nd4 Rd5 36. Nxf7 Nxc3 37. Raf2 Nxd4 38. Bxd4 Ne2+ 39. Kh1 Rxd4 40. Ng5 Bd6 41. Ne6 g6 42. Nxd4 Nxd4 43.
Rc1 Nc2 44. Rcxc2 dxc2 45. Rxc2 Bxa3 46. Rxc4 Be7 47. Rxa4 Kg7 48. Ra6 Bf6 49. g3 Be5 50. Kg2 Bf6 51. Kf3 Be7 52. h4 Bd8 53. Ra7+ Kh6 54.
Kg2 Bb6 55. Rb7 Be3 56. Kh3 g5 57. h5 Bc1 58. Kg4 Bd2 59. Rb6+ Kg7 60. Rd6 Bc1 61. h6+ Kf7 62. Kh5 Ba3 63. Rd7+ Kg8 64. Rg7+ Kh8 65.
Rxg5 Bf8 66. Rf5 Bd6 67. Rd5 Bf8 68. Rd8 Kg8 69. g4 Kf7 70. Rd7+ Kg8 71. g5 Bc5 72. g6 Bf8 73. Rd8 1-0

[Event "*** Titled Tuesday 3|2 Blitz"]
[Site "Chess.com"]
[Date "2017.06.06"]
[Round "9"]
[White "Illingworth"]
[Black "penguingm1"]
[Result "1-0"]
[WhiteElo "2716"]
[BlackElo "2606"]
[TimeControl "180+2"]
[EndTime "15:52:49 PDT"]
[Termination "Illingworth won on time"]

1. d4 d5 2. Bf4 Nf6 3. e3 e6 4.
Nf3 c5 5. c3 Nc6 6. Bd3 Bd6 7.
Bg3 O-O 8. Nbd2 b6 9. Qe2 Bb7 10. Rd1 h6 11. O-O Re8 12. Rfe1 Bxg3 13. hxg3 Qc7 14.
Bb5 Nd7 15. e4 a6 16. Bd3 dxe4 17. Nxe4 cxd4 18. cxd4 Nb4 19. Rc1 Qb8 20. Bb1 Rd8 21. Nc3 Nf6 22. Ne5 Qd6 23. Rcd1 Rac8 24. a3 Nbd5 25. Ne4 Qe7 26. Rc1 Nxe4 27. Qxe4 Nf6 28.
Qf4 Rxc1 29. Rxc1 Qd6 30. Nc4 Qxd4 31. Qxd4 Rxd4 32. Nxb6 Rd2 33. Nc4 Rd8 34. Ne3 Kf8 35. Kf1 Ke7 36. Ke2 a5 37. Rc5 a4 38. Bc2 Rb8 39. Kd1 Nd5 40. Nc4 Ba6 41. Kc1 Bb5 42. Ne5 Kd6 43. Rxb5 Rxb5 44. Nxf7+ Ke7 45. Ne5 Nb6 46.
Nd3 Kd6 47. Kd2 g5 48. f3 e5 49. g4 Nd5 50. Bxa4 Rb8 51. Bc2 Nf6 52. b4 e4 53. Nc5 exf3 54. gxf3 Ke5 55. Be4 Kd4 56. Bd3 Nd5 57. Nb3+ Ke5 58. b5 Kf4 59. Be4 Nf6 60. Bc6 h5 61. gxh5 Nxh5 62. a4 Rd8+ 63. Kc3 Ng7 64.
a5 Ne6 65. a6 Ke5 66. a7 Kd6 67. a8=Q Rxa8 68. Bxa8 Kc7 69. Bd5 Nf4 70. Kc4 Kb6 71.
Be4 Ne6 72. Nd4 1-0

[Event "*** Titled Tuesday 3|2 Blitz"]
[Site "Chess.com"]
[Date "2017.06.06"]
[Round "9"]
[White "H16"]
[Black "anon102030"]
[Result "1-0"]
[WhiteElo "2319"]
[BlackElo "2569"]
[TimeControl "180+2"]
[EndTime "15:53:21 PDT"]
[Termination "H16 won on time"]

1. d4 Nf6 2. c4 e5 3. dxe5 Ng4 4.
Nf3 Nc6 5. e3 Ngxe5 6. Be2 g6 7.
Nxe5 Nxe5 8. O-O Bg7 9. Nc3 O-O 10.
e4 d6 11. f4 Nc6 12. Be3 f5 13. Bf3 Re8 14. Rc1 fxe4 15. Bxe4 Be6 16. b3 Bf7 17. Bxc6 Rxe3 18. Nd5 Re6 19. Bxb7 Rb8 20. Bc6 Be8 21. Bxe8 Rxe8 22. Re1 c6 23. Ne3 Qb6 24. c5 dxc5 25. Nc4 Rxe1+ 26. Qxe1 Qc7 27. Qe6+ Kh8 28. Rf1 Rf8 29.
g3 Rd8 30. f5 gxf5 31. Qxf5 Qe7 32. Qf7 Qe4 33. Qf3 Qd4+ 34. Kg2 Qd5 35. Ne3 Qd2+ 36. Rf2 Qd3 37. Nf5 Qxf3+ 38. Kxf3 Bd4 39. Rc2 Rf8 40.
Ke4 Re8+ 41. Kd3 Bg1 42. h4 Re5 43. Nd6 Re3+ 44. Kd2 Rxg3 45. Ne4 Rg4 46. Kd3 Rxh4 47. Nxc5 Rh3+ 48. Ke4 h5 49. Ne6 Re3+ 50. Kf5 Kh7 51.
Rxc6 Rf3+ 52. Kg5 h4 53. Kxh4 Rf2 54. Rc7+ Kg6 55. a4 Rb2 56. Rb7 Kf5 57. Nc7 Rg2 58. Kh3 Rg7 59. Rb5+ Ke4 60. Ne6 Rg8 61. Nc5+ Kf3 62.
Kh4 Be3 63. Ne6 Rh8+ 64. Rh5 Rb8 65. Nc5 Bxc5 66. Rxc5 Rb4+ 67. Kg5 Rxb3 68. Ra5 Rb7 69. Kf5 Ke3 70. Ke5 Kd3 71. Kd5 Kc3 72. Rb5 Rc7 73.
Kd6 Rh7 74. a5 Kc4 75. Rg5 Kb4 76. Kc6 Rh6+ 77. Kb7 Rh7+ 78. Ka8 Ka4 79. a6 Kb4 80. Rf5 Ka4 81. Kb8 Kb4 82. Re5 Ka4 83. Rc5 Kb4 84. Rc7 Rh8+ 85. Kxa7 Kb5 86. Kb7 Rh6 87. a7 Rb6+ 88.
Kc8 Ra6 89. Kb8 Kb6 90. Rb7+ Kc6 91. a8=Q 1-0

[Event "*** Titled Tuesday 3|2 Blitz"]
[Site "Chess.com"]
[Date "2017.06.06"]
[Round "9"]
[White "Gordima"]
[Black "Journey_to_GrandMaster_YT"]
[Result "0-1"]
[WhiteElo "2520"]
[BlackElo "2358"]
[TimeControl "180+2"]
[EndTime "15:53:39 PDT"]
[Termination "Journey_to_GrandMaster_YT won by checkmate"]

1. Nf3 d6 2. c4 Nf6 3. Nc3 Nbd7 4.
g3 e5 5. Bg2 Be7 6. O-O O-O 7.
b4 c6 8. b5 d5 9. bxc6 bxc6 10.
cxd5 cxd5 11. d3 Rb8 12. Bg5 Qa5 13. Bd2 Qa3 14. Nh4 Ba6 15. Nxd5 Nxd5 16. Bxd5 Bxh4 17. gxh4 Nf6 18. Bb3 e4 19. Bg5 exd3 20. exd3 Qd6 21.
Re1 h6 22. Be3 Bxd3 23. Bxa7 Rb4 24. Re3 Rxh4 25. Rxd3 Qxh2+ 26. Kf1 Re8 27. Re3 Ne4 28.
Qf3 Nd2+ 29. Ke2 Nxf3 30. Rxe8+ Kh7 31. Kxf3 Rf4+ 32. Ke2 Qh5+ 33. Kd2 Qa5+ 34. Ke3 Rb4 35. Bd4 Qg5+ 36. Kd3 Qf4 37. Be3 Qd6+ 38. Ke2 Qa6+ 39. Kd2 Qd6+ 40. Kc3 Rb7 41. Rc1 Rc7+ 42. Kb2 Qf6+ 43.
Kb1 Rb7 44. Rec8 Qf5+ 45. R8c2 h5 46. Kb2 g6 47. Rc5 Qf6+ 48. R1c3 h4 49. Rc4 g5 50. Bd4 Qf5 51. Rc5 Qg4 52. R3c4 h3 53. Be5 Qe2+ 54.
Ka3 Qxf2 55. Bc2+ Kh6 56. Rc6+ Kh5 57. Bd1+ g4 58. Bxg4+ Kg5 59. Bd1 Qa7+ 60. Ra4 Qe3+ 61. Bb3 Qxe5 62. Rac4 f5 63. R6c5 Ra7+ 64. Kb4 Qe1+ 65.
Kb5 Rb7+ 66. Kc6 Rxb3 67. axb3 h2 68. b4 h1=Q+ 69. Kb6 Qe6+ 70. Rc6 Qg1+ 71. Kb7 Qd5 72. Rc5 Qgxc5 73. bxc5 f4 74. Kb6 f3 75. Rd6 Qb3+ 76.
Kc7 f2 77. c6 f1=Q 78. Kd7 Qff7+ 79. Kc8 Qb6 80. c7 Qbxc7# 0-1

[Event "*** Titled Tuesday 3|2 Blitz"]
[Site "Chess.com"]
[Date "2017.06.06"]
[Round "10"]
[White "Wolverine_master"]
[Black "bugbug01052018"]
[Result "1-0"]
[WhiteElo "1990"]
[BlackElo "1916"]
[TimeControl "180+2"]
[EndTime "15:56:43 PDT"]
[Termination "Wolverine_master won by resignation"]

1. Nf3 c5 2. g3 Nf6 3. Bg2 g6 4. c4 Bg7 5. O-O O-O 6. Nc3 d6 7.
a3 Nc6 8. d3 Be6 9. Rb1 Rb8 10.
b4 a6 11. Bg5 cxb4 12. axb4 h6 13. Bxf6 Bxf6 14. Qc2 b5 15. cxb5 axb5 16. Ne4 Nd4 17.
Nxf6+ exf6 18. Nxd4 Rc8 19. Nxe6 Rxc2 20. Nxd8 Rxd8 21. Bf3 Rdc8 22. d4 R8c4 23. e3 Rd2 24.
Rfd1 Rcc2 25. Rxd2 Rxd2 26. Bc6 Rc2 27. Bxb5 Rc7 28. Bd3 Rb7 29. b5 f5 30. b6 Kf8 31.
Ba6 Rb8 32. b7 Ke7 33. Rc1 Kd7 34. Rc8 1-0

[Event "*** Titled Tuesday 3|2 Blitz"]
[Site "Chess.com"]
[Date "2017.06.06"]
[Round "10"]
[White "AndreyOstrovskiy"]
[Black "Quiet_Desperation"]
[Result "1-0"]
[WhiteElo "2524"]
[BlackElo "1990"]
[TimeControl "180+2"]
[EndTime "15:58:58 PDT"]
[Termination "AndreyOstrovskiy won by resignation"]

1. e4 Nc6 2. Nf3 d6 3. Bb5 Bd7 4.
O-O a6 5. Be2 Nf6 6. Nc3 e5 7.
d4 exd4 8. Nxd4 Be7 9. Re1 O-O 10. Bf1 Re8 11. h3 Ne5 12. Bf4 Ng6 13. Bg3 b5 14. a3 c5 15. Nf5 Bxf5 16. exf5 Nf8 17. a4 b4 18. Nd5 Nxd5 19. Qxd5 Nd7 20. Bc4 Rf8 21. Rxe7 Qxe7 22. Bxd6 Qf6 23. Bxf8 Rxf8 24. Qxd7 Qxb2 25. Re1 Qc3 26. Qxf7+ 1-0

[Event "*** Titled Tuesday 3|2 Blitz"]
[Site "Chess.com"]
[Date "2017.06.06"]
[Round "10"]
[White "1lec"]
[Black "the_drake"]
[Result "1-0"]
[WhiteElo "2063"]
[BlackElo "2142"]
[TimeControl "180+2"]
[EndTime "15:59:09 PDT"]
[Termination "1lec won by checkmate"]

1. e4 e5 2. Nf3 Nc6 3. Bb5 a6 4.
Ba4 Nf6 5. d3 Bc5 6. O-O d6 7.
c3 b5 8. Bc2 Bg4 9. h3 Bh5 10.
Nbd2 O-O 11. Re1 Ne7 12. Nf1 Ng6 13. Ng3 Nf4 14. Bxf4 exf4 15. Nxh5 Nxh5 16. d4 Bb6 17. e5 dxe5 18. Nxe5 Qg5 19. Nd7 Rfe8 20. Nxb6 Rxe1+ 21. Qxe1 f3 22. g3 cxb6 23. Qe4 Rf8 24. Qxh7# 1-0

[Event "*** Titled Tuesday 3|2 Blitz"]
[Site "Chess.com"]
[Date "2017.06.06"]
[Round "10"]
[White "AllStarShark"]
[Black "FearlessKing64"]
[Result "1-0"]
[WhiteElo "2291"]
[BlackElo "2138"]
[TimeControl "180+2"]
[EndTime "15:59:11 PDT"]
[Termination "AllStarShark won by resignation"]

1. d4 Nf6 2. Bg5 d5 3. Bxf6 exf6 4. e3 Bd6 5. g3 O-O 6. Bg2 Re8 7. Ne2 c6 8. O-O Bg4 9. b3 Qb6 10. c4 Bxe2 11.
Qxe2 Qxd4 12. exd4 Rxe2 13. cxd5 cxd5 14. Bxd5 Nc6 15. Nc3 Rc2 16. Bxc6 bxc6 17. Rac1 Rb2 18. Na4 Rxa2 19. Rxc6 Bf8 20. Rd1 g6 21. d5 Rd8 22.
d6 Re2 23. d7 Kg7 24. Kg2 Re7 25. Rc7 a6 26. Nc5 Re2 27. Nb7 1-0

[Event "*** Titled Tuesday 3|2 Blitz"]
[Site "Chess.com"]
[Date "2017.06.06"]
[Round "10"]
[White "Enzy63"]
[Black "angieflynn"]
[Result "1-0"]
[WhiteElo "2047"]
[BlackElo "1760"]
[TimeControl "180+2"]
[EndTime "15:59:54 PDT"]
[Termination "Enzy63 won by resignation"]

1. d4 f5 2. Nf3 Nf6 3. g3 e6 4. Bg2 d5 5. O-O Bd6 6. c4 O-O 7. b3 b6 8. Ne5 Bb7 9. Nc3 c5 10. e3 Nbd7 11. cxd5 exd5 12. Nc4 Bc7 13. Nb5 Ba6 14. Nca3 Bxb5 15. Nxb5 a6 16. Nc3 Nb8 17.
dxc5 bxc5 18. Nxd5 Nbd7 19. Bb2 Rb8 20. Qe2 Ne5 21.
Rfd1 Qc8 22. Ne7+ 1-0

[Event "*** Titled Tuesday 3|2 Blitz"]
[Site "Chess.com"]
[Date "2017.06.06"]
[Round "10"]
[White "SabinaFoisor"]
[Black "PaulfromSPb"]
[Result "0-1"]
[WhiteElo "2307"]
[BlackElo "2580"]
[TimeControl "180+2"]
[EndTime "16:00:03 PDT"]
[Termination "PaulfromSPb won by resignation"]

1. d4 Nf6 2. c4 e6 3. Nf3 b6 4. g3 Ba6 5. Nbd2 c5 6. Bg2 Bb7 7.
dxc5 Bxc5 8. O-O O-O 9. b3 d5 10. Bb2 Nbd7 11. cxd5 Bxd5 12. Rc1 Qe7 13. Nc4 Rfd8 14.
Qc2 Rac8 15. Qb1 b5 16. Nce5 Nxe5 17. Bxe5 Ng4 18. Bb2 f5 19. h3 Nf6 20. Ne5 Ne4 21.
Bxe4 Bxe4 22. Qa1 Qg5 23. Kh2 f4 24. g4 Rd2 25. b4 f3 26. e3 Qxe3 27. Rxc5 Rxf2+ 28. Kh1 Rxf1+ 29. Qxf1 f2+ 0-1

[Event "*** Titled Tuesday 3|2 Blitz"]
[Site "Chess.com"]
[Date "2017.06.06"]
[Round "10"]
[White "Shivagami"]
[Black "LonesomeGeorge1"]
[Result "0-1"]
[WhiteElo "1981"]
[BlackElo "2238"]
[TimeControl "180+2"]
[EndTime "16:00:19 PDT"]
[Termination "LonesomeGeorge1 won by resignation"]

1. e4 e5 2. Nc3 Nc6 3. f4 f5 4.
Nf3 fxe4 5. Nxe4 d5 6. Nc3 e4 7. Ng5 Nf6 8. h4 Bc5 9. d3 exd3 10. Bxd3 O-O 11. Ne2 Re8 12. Bd2 Bg4 13. c3 h6 14. Nf3 Ne4 15. Bxe4 dxe4 16. Nfd4 e3 17. Bc1 Nxd4 18. cxd4 Bb4+ 19. Kf1 Qf6 20. Qb3+ Kh8 21.
Qxb4 Rad8 22. Qc3 Bxe2+ 23. Kxe2 Qxf4 24. Rf1 Qg4+ 25. Ke1 Rxd4 26. Bxe3 Rde4 27. Rf3 Qxg2 28. Kd1 Qxf3+ 29. Kc2 Rxe3 0-1

[Event "*** Titled Tuesday 3|2 Blitz"]
[Site "Chess.com"]
[Date "2017.06.06"]
[Round "10"]
[White "WeiYi1999"]
[Black "Abrito99"]
[Result "0-1"]
[WhiteElo "2143"]
[BlackElo "2319"]
[TimeControl "180+2"]
[EndTime "16:01:10 PDT"]
[Termination "Abrito99 won by checkmate"]

1. e4 e6 2. d4 d5 3. exd5 exd5 4.
Nc3 Nc6 5. Bd3 Bb4 6. Ne2 Nge7 7. Bf4 Bf5 8. Qd2 Qd7 9. O-O-O O-O-O 10. Kb1 f6 11. f3 a6 12. g4 Bg6 13. h4 Bxd3 14.
Qxd3 f5 15. g5 h5 16. a3 Bd6 17. Bxd6 Qxd6 18. Na4 Rde8 19. Nc5 Rhf8 20. Nc3 Na5 21.
b4 Nc4 22. Ka2 Nc6 23. Rhe1 b6 24. Rxe8+ Rxe8 25. Qxf5+ Kb8 26. Nxd5 bxc5 27. bxc5 Qe6 28. Rb1+ Kc8 29. Qxe6+ Rxe6 30. Rd1 Re2 31. Rd3 Rh2 32. Kb3 N4a5+ 33. Ka4 Rxh4 34. f4 Nb7 35. f5 Nxc5# 0-1

[Event "*** Titled Tuesday 3|2 Blitz"]
[Site "Chess.com"]
[Date "2017.06.06"]
[Round "10"]
[White "ANLex1963"]
[Black "fidetrainerNET"]
[Result "0-1"]
[WhiteElo "2194"]
[BlackElo "2128"]
[TimeControl "180+2"]
[EndTime "16:01:18 PDT"]
[Termination "fidetrainerNET won by resignation"]

1. Nf3 c5 2. g3 Nc6 3. Bg2 d5 4.
O-O e5 5. d3 Nf6 6. c4 d4 7. e3 Bd6 8. exd4 Nxd4 9. Nxd4 cxd4 10. Qa4+ Nd7 11. b4 O-O 12. c5 Bc7 13. Na3 a6 14. Nc4 Rb8 15. Ba3 f5 16. Qb3 Kh8 17.
f4 exf4 18. gxf4 Nf6 19. Ne5 Bxe5 20. fxe5 Ng4 21. Rae1 Re8 22. e6 Qh4 23. h3 Ne3 24. Rf2 Bxe6 25. Qa4 Nxg2 0-1